 Dungeon Crawl Stone Soup version 0.30-a0-830-gfe289a77b0 (webtiles) character file.

Game seed: 11785927061446416066

5 Esekla the Sneak (level 1, -4/16 HPs)
             Began as an Octopode Delver on Mar 1, 2023.
             Slain by a hound (6 damage)
             ... on level 5 of the Dungeon.
             The game lasted 00:01:20 (88 turns).

Esekla the Sneak (Octopode Delver)                    Turns: 88, Time: 00:01:20

Health: -4/16      AC:  1    Str: 11    XL:     1   Next: 80%
Magic:  1/1        EV: 13    Int: 12    God:
Gold:   25         SH:  0    Dex: 13    Spells: 0/0 levels left

rFire   . . .      SeeInvis .    a - +0 falchion
rCold   . . .      Faith    .    (no shield)
rNeg    . . .      Spirit   .    (helmet restricted)
rPois   .          Reflect  .    (no amulet)
rElec   .          Harm     .    (no ring)
rCorr   .          Rampage  .    (no ring)
Will    .....                    (no ring)
Stlth   ++++                     (no ring)
HPRegen 0.22/turn                (no ring)
MPRegen 0.07/turn                (no ring)
                                 (no ring)
                                 (no ring)

@: hasted, very quick
A: almost no armour, amphibious, 8 rings, camouflage 1, gelatinous body 1,
(nimble swimmer 1), tentacles
a: no special abilities


You were on level 5 of the Dungeon.
You visited 1 branch of the dungeon, and saw 1 of its levels.

You collected 25 gold pieces.

Inventory:

Hand Weapons
 a - a +0 falchion (weapon)
Wands
 f - a wand of digging (3)
Scrolls
 b - a scroll of fog
 g - a scroll of teleportation {unknown}
Potions
 h - a potion of cancellation {unknown}


   Skills:
 * Level 3.0 Fighting
 * Level 2.0 Long Blades
 * Level 2.0 Dodging
 + Level 6.8 Stealth
 * Level 0.2 Spellcasting


You couldn't memorise any spells.
You didn't know any spells.
Your spell library was empty.

Dungeon Overview and Level Annotations

Branches:
Dungeon (5/15)             Temple (0/1) D:5

Altars:


Innate Abilities, Weirdness & Mutations

You cannot wear most types of armour.
You are amphibious.
You can wear up to eight rings at the same time.
Your skin changes colour to match your surroundings (Stealth+).
Your rubbery body absorbs attacks. (AC +1, EV +1)
((You are camouflaged when in or above water. (Stealth+)))
You have tentacles for arms and can constrict up to eight enemies at once.


Message History

The ufetubus attacks as you move away! The ufetubus closely misses you.
The ufetubus hits you.
* * * LOW HITPOINT WARNING * * *
As you read the scroll of fear, it crumbles to dust.
You assume a fearsome visage.
The ufetubus looks frightened!
The gnoll bouda looks frightened!
The gnoll looks frightened! x4
An iguana comes into view.
There is a stone staircase leading up here.
As you read the scroll of magic mapping, it crumbles to dust.
You feel aware of your surroundings. The gnoll attacks as you move away!
The gnoll closely misses you.
There is a stone staircase leading up here.
Okay, then.
Okay, then.
The gnoll attacks as you move away! The gnoll barely misses you.
The gnoll attacks as you move away! The gnoll barely misses you.
The gnoll is no longer moving quickly.
You have 25 gold pieces.
Unknown command.
The gnoll is no longer moving quickly.
A hound comes into view.
The hound barks!
You barely miss the hound. Your grab misses the hound. The hound misses you.
You hit the hound. You grab the hound.
The hound is lightly wounded.
You constrict the hound, but do no damage.
The hound completely misses you.
You hit the hound but do no damage. You squeeze the hound!
The hound is severely wounded.
You constrict the hound, but do no damage.
The hound stops to sniff the ground.
The hound completely misses you.
You hit the hound.
The hound is severely wounded.
You constrict the hound. The hound bites you.
* * * LOW HITPOINT WARNING * * *
You barely miss the hound.
The hound is severely wounded.
You constrict the hound. The hound bites you.
You die...

.....#~~~*,>,,,,,,,*
.....#~~~*,,,*****,*
.....#~~~*****~~~*,*
.....#~~~~~~~~~~~*,*
.....#~~~~~~~~~~~*,*
.....#~~~~~~~~~~~*,*
...###******###***,#
#...#### #.####.#
..#..g.######...@h.#
>.........gg..######
....#.........#
.....#........#
.....#........#
.....#........#
.....#........#
.....#.##.###.#
.....#....# *.#


You could see a hound and 2 gnolls.

Vanquished Creatures
  An ufetubus (D:5)
1 creature vanquished.

Notes
Turn   | Place    | Note
-------+----------+-------------------------------------------
     0 | D:5      | Esekla the Octopode Delver began the quest for the Orb.
     0 | D:5      | Reached XP level 1. HP: 16/16 MP: 1/1
    42 | D:5      | Noticed a gnoll bouda
    45 | D:5      | Noticed an ogre
    54 | D:5      | Noticed an iguana
    78 | D:5      | Noticed a hound
    88 | D:5      | Slain by a hound

Illustrated notes

Levels and vault maps discovered:
D:5:      layout_rooms, minmay_temple_entry_poolview, st_stairs_8,
          minmay_starry_boxes

Action                     || total
---------------------------++-------
  Melee: Falchion          ||     7
         Constrict         ||     1
         Tentacles         ||     1
    Use: Scroll            ||     2
         Potion            ||     1
  Dodge: Dodged            ||    13

Table legend: (Time is in decaauts)
 A = Elapsed time spent in this place.
 B = Non-inter-level travel time spent in this place.
 C = Inter-level travel time spent in this place.
 D = Time resting spent in this place.
 E = Time spent auto-exploring this place.
 F = Levels seen in this place.
 G = Mean time per level.
                   A        B        C        D        E       F      G
               +--------+--------+--------+--------+--------+-----+--------+
         Total |     74 |     74 |      0 |      0 |      0 |   1 |   74.0 |
       Dungeon |     74 |     74 |      0 |      0 |      0 |   1 |   74.0 |
               +--------+--------+--------+--------+--------+-----+--------+

Top non-repeatable levels by time:
     D:5: 74 daAuts
